Map: Alcyone LE

Players

SubN

  • Race: Zerg Zerg
  • League: Diamond
  • Spawn Location: 1:00

Toweleee - Winner!

  • Race: Zerg Zerg
  • Spawn Location: 7:00

VOD

Have the link to the VOD?

Description

Time

  • Played on: Dec. 25, 2023, 1:10 a.m.
  • Length: 4:56
Show
View Real Time Build Order
Export as new Build Order

SubN Zerg 

Build Orders: Pool First 

Get SALT Encoding   

  12  0:00  Drone  
  13  0:12  Drone  
  13  0:14  Extractor  
  13  0:28  Spawning Pool  
  12  0:59  Hatchery  
  11  1:15  Queen  
  13  1:25  Overlord  
  13  1:41  Drone  
  13  1:43  Drone x2  
  16  1:54  Drone  
  17  2:02  Drone  
  20  2:10  Drone  
  20  2:14  Drone  
  22  2:21  Metabolic Boost  
  22  2:28  Zergling x2  
  22  2:29  Zergling x2  
  24  2:32  Zergling x2  
  24  2:33  Zergling x2  
  26  2:40  Zergling x4  
  26  2:43  Queen  
  28  2:49  Overlord  
  28  2:57  Overlord  
  27  3:06  Overlord  
  27  3:10  Overlord  
  27  3:11  Zergling x4  
  29  3:28  Zergling x2  
  29  3:29  Zergling x2  
  30  3:38  Zergling x4  
  30  3:39  Zergling x2  
  33  3:50  Zergling x2  
  34  3:57  Zergling x2  
  34  4:05  Zergling x2, Hatchery  
  27  4:14  Zergling x6  
  29  4:34  Zergling x4  
Show
View Real Time Build Order
Export as new Build Order

Toweleee Zerg - Winner!

Build Orders: Pool First 

Get SALT Encoding   

  12  0:01  Drone  
  13  0:12  Drone  
  14  0:27  Spawning Pool  
  13  0:29  Drone  
  14  0:38  Overlord  
  14  0:42  Extractor  
  13  0:44  Drone  
  15  0:56  Drone x2  
  17  1:13  Queen  
  17  1:15  Zergling x4  
  21  1:30  Zergling x2  
  22  1:35  Hatchery  
  22  1:42  Hatchery  
  22  1:44  Spine Crawler  
  22  1:45  Zergling x2  
  22  1:46  Overlord  
  22  1:53  Extractor  
  21  1:55  Zergling x2  
  22  2:09  Drone  
  22  2:12  Hatchery  
  22  2:22  Zergling x4  
  24  2:23  Zergling x2  
  24  2:25  Zergling x2  
  26  2:31  Zergling x2  
  27  2:42  Queen  
  29  3:06  Drone  
  29  3:07  Overlord  
  29  3:11  Metabolic Boost  
  30  3:23  Overlord  
  30  3:24  Drone x2  
  32  3:31  Drone x2  
  34  3:37  Drone  
  35  3:46  Drone x4  
  40  3:55  Drone  
  40  4:01  Zergling x2  
  40  4:02  Zergling x2  
  40  4:08  Zergling x2  
  35  4:13  Zergling x8  
  37  4:18  Zergling x2  
  37  4:19  Zergling x4  
  37  4:20  Queen  
  42  4:28  Zergling x4  
  43  4:33  Zergling x2  
  43  4:36  Zergling x2  
  45  4:45  Evolution Chamber  
Tags
 
League
Diamond
Matchup
ZvZ
Race
Zerg
Replay Pack
2025 replay dump
Spawn Locations
Cross Positions
Add a new tag
Caveats
  • Supply blocks, unpowered buildings, or Contaminate may cause inaccurate times.
  • Supply counts are checked every 10 seconds.